 Dungeon Crawl Stone Soup version 0.26-a0-662-g8b9c6dab81 (webtiles) character file.

Game seed: 6684939496001392429

10840 ringo67 the Grappler (level 11, -12/113 HPs)
             Began as a Troll Monk on Oct 9, 2020.
             Was a High Priest of Wu Jian.
             Mangled by a seven-headed hydra (13 damage)
             ... on level 1 of the Lair of Beasts.
             The game lasted 00:20:03 (9567 turns).

ringo67 the Grappler (Troll Monk)                   Turns: 9567, Time: 00:20:04

Health: -12/113    AC: 13    Str: 21    XL:     11   Next: 41%
Magic:  10/10      EV: 18    Int:  6    God:    Wu Jian [*****.]
Gold:   670        SH:  0    Dex: 15    Spells: 10/10 levels left

rFire    . . .     SeeInvis .     - Unarmed
rCold    . . .     Faith    .   (no shield)
rNeg     . . .     Spirit   .   F - +2 robe {MR+}
rPois    .         Reflect  .   x - +0 hat
rElec    .         Harm     .   u - +0 cloak
rCorr    .         Rampage  .   (gloves unavailable)
MR       +....                  (boots unavailable)
Stlth    +.........             (no amulet)
HPRegen  0.68/turn              C - +4 ring of protection
MPRegen  0.12/turn              L - +4 ring of evasion

@: heavenly storm, glowing, serpent's lash
A: large, unfitting armour, claws 3, regeneration 1, shaggy fur 1, tough skin 3
a: Wall Jump, Serpent's Lash, Heavenly Storm, Renounce Religion


You were on level 1 of the Lair of Beasts.
You worshipped Wu Jian.
Wu Jian was extremely pleased with you.
You visited 2 branches of the dungeon, and saw 11 of its levels.
You also visited: Sewer and Bailey.

You collected 670 gold pieces.

Inventory:

Missiles
 m - 24 poisoned darts (quivered)
 J - a throwing net
Armour
 a - a +0 robe
 l - a scarf of invisibility
 u - a +0 cloak (worn)
 x - a +0 hat (worn)
 F - a +2 robe of magic resistance (worn)
Jewellery
 C - a +4 ring of protection (left claw)
 D - an uncursed ring of ice
 L - a +4 ring of evasion (right claw)
Wands
 e - a wand of disintegration (16)
 j - a wand of digging (8)
 k - a wand of polymorph (7)
 s - a wand of enslavement (8)
 t - a wand of random effects (25)
 y - a wand of flame (48)
 H - a wand of paralysis (10)
 K - a wand of acid (5)
Scrolls
 b - 2 scrolls of fear
 d - 2 scrolls of magic mapping
 h - 2 scrolls of amnesia {unknown}
 n - 4 scrolls of remove curse {unknown}
 p - 5 scrolls of teleportation {unknown}
 q - a scroll of random uselessness {unknown}
 r - 5 scrolls of identify
 G - a scroll of silence {unknown}
 M - 2 scrolls of noise {unknown}
 N - a scroll of enchant weapon {unknown}
 O - a scroll of fog {unknown}
Potions
 c - 3 potions of flight {unknown}
 f - a potion of heal wounds
 g - 2 potions of curing
 i - 2 potions of mutation {unknown}
 o - a potion of brilliance {unknown}
 v - 2 potions of might {unknown}
 w - a potion of magic {unknown}
 z - 2 potions of degeneration {unknown}
 A - 2 potions of lignification {unknown}
 B - 2 potions of resistance {unknown}
 E - a potion of stabbing {unknown}
 I - a potion of haste


   Skills:
 + Level 8.4 Fighting
 + Level 7.0 Dodging
 - Level 1.0 Stealth
 * Level 13.3 Unarmed Combat


You had 10 spell levels left.
You didn't know any spells.
Your spell library contained the following spells:

 Spells                   Type           Power        Failure   Level
 Animate Skeleton         Necr           #.....       45%         1
 Apportation              Tloc           #.....       45%         1
 Corona                   Hex            #......      45%         1
 Summon Small Mammal      Summ           #...         45%         1
 Confusing Touch          Hex            #.......     83%         3
 Gell's Gravitas          Tloc           #.........   83%         3
 Petrify                  Tmut/Erth      #.......     99%         4
 Metabolic Englaciation   Hex/Ice        #.........   100%        5
 Yara's Violent Unravell  Hex/Tmut       #.........   100%        5


Dungeon Overview and Level Annotations

Branches:
Dungeon (10/15)            Temple (0/1) D:5            Lair (1/6) D:8
    Orc (0/2) D:10          Sewer (visited)          Bailey (visited)

Altars:
Ashenzari
Cheibriados
Dithmenos
Fedhas
Gozag
Makhleb
Okawaru
Qazlal
Trog
Uskayaw
Wu Jian
Yredelemnul
Zin
The Shining One

Shops:
D:4 (   D:9 (   D:10 *

Annotations:
D:3 3 runed translucent doors, ALWAYSlose's ghost, amateur DsGl


Innate Abilities, Weirdness & Mutations

You are too large for most types of armour.
You have claws for hands.
Your natural rate of healing is unusually fast.
You are covered in fur. (AC +1)
You have extremely tough skin. (AC +3)


Message History

The six-headed hydra closely misses you.
The six-headed hydra misses you.
The six-headed hydra bites you but does no damage.
The six-headed hydra misses you. The six-headed hydra barely misses you.
The six-headed hydra bites you.
* * * LOW HITPOINT WARNING * * *
The komodo dragon completely misses you.
The wyvern closely misses you.
You claw one of the six-headed hydra's heads off!
The five-headed hydra grows two more!
You claw the seven-headed hydra!
The seven-headed hydra is heavily wounded.
You hear a loud, deep croak!
The wyvern completely misses you. The seven-headed hydra bites you.
* * * LOW HITPOINT WARNING * * *
The seven-headed hydra bites you!
* * * LOW HITPOINT WARNING * * *
The seven-headed hydra bites you!
* * * LOW HITPOINT WARNING * * *
The seven-headed hydra misses you. The seven-headed hydra bites you!
You die...

###########
#.........##
#..........#
#....☼§§§§### +#.##
P....§§§D§#D###......
.....§§@lF..Fl†......
.....§§☼l§#####......
#....☼§§§§# .....
#.........# ....
#....^....# ...
#.....##### ## ####P.
#..


You could see a seven-headed hydra, a komodo dragon, a cane toad and a wyvern.

Vanquished Creatures
  A hydra (Lair:1)
  An unseen horror (D:10)
  An ugly thing (D:9)
  Maurice (D:9)
  Joseph (D:8)
  Psyche (D:8)
  3 trolls
  2 hornets
  3 blink frogs (Lair:1)
  Sigmund (D:4)
  2 shadows
  5 yaks (D:10)
  Edmund (D:4)
  A two-headed ogre zombie (D:10)
  6 water moccasins
  2 black bears (D:8)
  4 orc warriors
  Purgy (D:3)
  2 ice beasts (D:10)
  2 eyes of draining (D:6)
  A necrophage (D:8)
  2 sky beasts
  An ogre (D:7)
  3 phantoms
  2 big kobolds
  7 bullfrogs
  2 scorpions
  A water moccasin skeleton (D:7)
  A troll zombie (D:10)
  8 killer bees (D:10)
  13 wights
  2 howler monkeys (D:8)
  A centaur zombie (D:6)
  A quasit (D:9)
  2 bullfrog zombies
  A gnoll shaman (D:10)
  5 orc priests
  2 hounds (D:7)
  4 jellies
  6 orc wizards
  2 centaur skeletons
  2 iguanas
  7 worker ants
  6 ogre zombies (D:10)
  A hound zombie (D:8)
  5 gnolls
  10 adders
  A river rat (D:3)
  3 shadow imps
  4 white imps
  3 ufetubi
  3 worms
  An adder skeleton (D:5)
  4 dart slugs
  9 leopard geckos
  33 orcs
  3 giant cockroaches (D:3)
  6 goblins
  6 hobgoblins
  2 jackals (D:2)
  4 quokkas
  4 ball pythons
  2 bats
  4 frilled lizards
  2 goblin skeletons (D:10)
  3 goblin zombies (D:10)
  2 hobgoblin zombies (D:10)
  A jackal zombie (D:8)
  14 kobolds
  3 orc skeletons (D:10)
  15 orc zombies (D:10)
  11 rats
282 creatures vanquished.

Vanquished Creatures (others)
  A jelly (D:8)
  42 fungi (D:8)
  45 plants
88 creatures vanquished.

Grand Total: 370 creatures vanquished

Notes
Turn   | Place    | Note
-------+----------+-------------------------------------------
     0 | D:1      | ringo67 the Troll Monk began the quest for the Orb.
     0 | D:1      | Reached XP level 1. HP: 22/22 MP: 0/0
   205 | D:1      | Reached XP level 2. HP: 27/29 MP: 1/1
   432 | D:1      | Found a glowing golden altar of the Shining One.
   617 | D:2      | Reached XP level 3. HP: 35/36 MP: 2/2
   720 | D:2      | Reached skill level 4 in Unarmed Combat
  1016 | D:2      | Found an ornate altar of the Wu Jian Council.
  1039 | D:2      | Became a worshipper of the Wu Jian Council
  1039 | D:2      | Reached * piety under Wu Jian
  1039 | D:2      | Reached ** piety under Wu Jian
  1235 | D:3      | Found a faded altar of an unknown god.
  1352 | D:3      | Found a runed translucent gate.
  1352 | D:3      | Found a runed translucent gate.
  1352 | D:3      | Found a runed translucent gate.
  1353 | D:3      | Found an opulent altar of Gozag.
  1356 | D:3      | Noticed ALWAYSlose's ghost (amateur DsGl)
  1433 | D:3      | Reached XP level 4. HP: 39/45 MP: 3/3
  1468 | D:3      | Found a glowing drain.
  1482 | Sewer    | Entered a sewer
  1563 | Sewer    | Noticed Purgy
  1663 | D:3      | Killed Purgy
  1663 | D:3      | Reached skill level 5 in Unarmed Combat
  1663 | D:3      | Reached XP level 5. HP: 35/53 MP: 4/4
  2050 | D:4      | Found a blossoming altar of Fedhas.
  2093 | D:4      | Reached XP level 6. HP: 50/62 MP: 5/5
  2095 | D:4      | Reached skill level 6 in Unarmed Combat
  2097 | D:4      | Reached *** piety under Wu Jian
  2220 | D:4      | Found an opulent altar of Gozag.
  2320 | D:4      | Found Nextoodi's Weapon Emporium.
  2386 | D:4      | Noticed Sigmund
  2402 | D:4      | Killed Sigmund
  2405 | D:4      | Noticed Edmund
  2420 | D:4      | Killed Edmund
  2420 | D:4      | Reached skill level 7 in Unarmed Combat
  2420 | D:4      | Reached XP level 7. HP: 51/71 MP: 6/6
  2577 | D:4      | Found a glowing silver altar of Zin.
  2725 | D:5      | Entered Level 5 of the Dungeon
  3003 | D:5      | Found an iron altar of Okawaru.
  3102 | D:5      | Found a staircase to the Ecumenical Temple.
  3420 | D:6      | Reached skill level 5 in Fighting
  3420 | D:6      | Reached skill level 8 in Unarmed Combat
  3420 | D:6      | Reached XP level 8. HP: 65/80 MP: 7/7
  3573 | D:6      | Found a bloodstained altar of Trog.
  3754 | D:6      | Reached **** piety under Wu Jian
  4098 | D:6      | Reached skill level 9 in Unarmed Combat
  4925 | D:7      | Reached XP level 9. HP: 89/89 MP: 8/8
  5125 | D:8      | Found a burning altar of Makhleb.
  5144 | D:8      | Found a flagged portal.
  5156 | Bailey   | Entered a bailey
  5365 | D:8      | Reached skill level 10 in Unarmed Combat
  5401 | D:8      | Noticed Maurice
  5474 | D:9      | HP: 2/89 [phantom (7)]
  5746 | D:9      | Killed Maurice
  5835 | D:9      | Found a broken altar of Ashenzari.
  6454 | D:8      | Reached skill level 5 in Dodging
  6454 | D:8      | Reached skill level 11 in Unarmed Combat
  6855 | D:8      | Found a staircase to the Lair.
  6866 | D:8      | Noticed Psyche
  6870 | D:8      | Reached XP level 10. HP: 87/100 MP: 9/9
  6879 | D:8      | Killed Psyche
  7076 | D:8      | Noticed Joseph
  7083 | D:8      | Killed Joseph
  7103 | D:8      | Found a hide-covered altar of Uskayaw.
  7118 | D:8      | Found a stormy altar of Qazlal.
  7260 | D:8      | Found a shadowy altar of Dithmenos.
  7260 | D:8      | Found a basalt altar of Yredelemnul.
  7262 | D:8      | Found a snail-covered altar of Cheibriados.
  7548 | D:9      | Noticed a white ugly thing
  7559 | D:9      | Killed a white ugly thing
  7709 | D:9      | Found Zeitug's Weapon Boutique.
  7795 | D:9      | Reached skill level 12 in Unarmed Combat
  8373 | D:10     | Entered Level 10 of the Dungeon
  8373 | D:10     | Found a bloodstained altar of Trog.
  8561 | D:10     | Reached ***** piety under Wu Jian
  8588 | D:10     | Found a staircase to the Orcish Mines.
  8631 | D:10     | Reached XP level 11. HP: 63/111 MP: 10/10
  8698 | D:10     | Killed an unseen horror
  9062 | D:10     | Found Vagiag's Assorted Antiques.
  9090 | D:10     | Reached skill level 13 in Unarmed Combat
  9476 | Lair:1   | Entered Level 1 of the Lair of Beasts
  9543 | Lair:1   | Noticed a six-headed hydra
  9543 | Lair:1   | Noticed a four-headed hydra
  9563 | Lair:1   | Killed an 11-headed hydra
  9567 | Lair:1   | HP: 1/113 [seven-headed hydra (11)]
  9567 | Lair:1   | Mangled by a seven-headed hydra

Illustrated notes

Levels and vault maps discovered:
D:1:      eino_arrival_tree_alley, layout_basic, tso_altar
D:2:      layout_basic, overflow_temple_1_default
D:3:      layout_rooms, chequers_ecumenical_altar_simple, portal_sewer_entry_e,
          ebering_ghost_gozag, grunt_ministairs_14
D:4:      layout_basic, fedhas_altar_2, zin_scriptorium,
          grunt_gozag_breadcrumbs, serial_shops, shop, sigmund_edmund_badplayer
D:5:      layout_cave_pools, okawaru_trees_2, temple_pool_b
D:6:      layout_basic, trog_eyes_of_draining
D:7:      layout_loops_corners
D:8:      layout_basic, lemuel_crystal_altar, grunt_qazlal_clouds,
          eat_drink_and_be_merry_uskayaw, gammafunk_temple_overflow_forgotten,
          due_lair_maze_entry_diamond, enter_bailey_2, grunt_ministairs_14,
          corexii_checkpoint_a, uniq_psyche, uniq_maurice, uniq_joseph
D:9:      layout_irregular_city, cheibrodos_ashenzari_chains, serial_shops,
          kennysheep_mini, nrook_pool_corridor
D:10:     layout_rooms, zombieorc2_lemuel, basic_altar, serial_shops,
          kennysheep_mini_moat
Lair:1:   layout_roguey

Skill      XL: |  1  2  3  4  5  6  7  8  9 10 11 |
---------------+----------------------------------+-----
Unarmed Combat | 4 5 7 8 9 11 12 13 | 13.3
Fighting       | 3 4 5 6 7 8 |  8.4
Dodging        | 3 5 6 7 |  7.0
Stealth        | |  1.0

Action                   |  1- 3 |  4- 6 |  7- 9 | 10-12 || total
-------------------------+-------+-------+-------+-------++-------
Melee: Unarmed           |   113 |   139 |   324 |   340 ||   916
       Punch             |     3 |     4 |    15 |    23 ||    45
Throw: Dart              |       |     4 |     5 |     1 ||    10
       Javelin           |       |     2 |       |       ||     2
Invok: Lunge             |     2 |     7 |    29 |    19 ||    57
       Serpent's Lash    |       |     1 |     2 |     2 ||     5
       Whirlwind         |       |       |    15 |     3 ||    18
       Heavenly Storm    |       |       |       |     1 ||     1
 Abil: Wall Jump         |       |       |     1 |       ||     1
  Use: Scroll            |       |       |     6 |       ||     6
       Potion            |       |       |     6 |       ||     6
 Stab: Sleeping          |     1 |     2 |     8 |     3 ||    14
       Distracted        |       |       |     1 |     2 ||     3
       Invisible         |       |       |       |     3 ||     3
Armor: Robe              |    34 |    81 |    74 |    98 ||   287
Dodge: Dodged            |    56 |    93 |   173 |   229 ||   551

Table legend: (Time is in decaauts)
 A = Elapsed time spent in this place.
 B = Non-inter-level travel time spent in this place.
 C = Inter-level travel time spent in this place.
 D = Time resting spent in this place.
 E = Time spent auto-exploring this place.
 F = Levels seen in this place.
 G = Mean time per level.
                   A        B        C        D        E       F      G
               +--------+--------+--------+--------+--------+-----+--------+
         Total |   9450 |   9048 |    402 |   1597 |   5385 |  13 |  726.9 |
       Dungeon |   9133 |   8731 |    402 |   1553 |   5332 |  10 |  913.3 |
          Lair |     84 |     84 |      0 |      0 |     53 |   1 |   84.0 |
         Sewer |    135 |    135 |      0 |      0 |      0 |   1 |  135.0 |
        Bailey |     97 |     97 |      0 |     44 |      0 |   1 |   97.0 |
               +--------+--------+--------+--------+--------+-----+--------+

Top non-repeatable levels by time:
     D:9: 1896 daAuts
     D:8: 1284 daAuts
     D:7: 993 daAuts
    D:10: 983 daAuts
     D:6: 900 daAuts
     D:4: 793 daAuts
     D:2: 731 daAuts
     D:3: 607 daAuts
     D:5: 476 daAuts
     D:1: 466 daAuts
   Sewer: 135 daAuts
  Bailey: 97 daAuts
  Lair:1: 84 daAuts
